 Dungeon Crawl Stone Soup version 0.30-b1-2-g02819fbbbe (webtiles) character file.

Game seed: 17747689675652181564

38329 Clive the Severer (level 13, 0/124 HPs)
             Began as a Minotaur Fighter on July 8, 2023.
             Was the Champion of Makhleb.
             Slain by a large slime creature (23 damage)
             ... on level 14 of the Dungeon.
             The game lasted 00:28:46 (13053 turns).

Clive the Severer (Minotaur Fighter)               Turns: 13053, Time: 00:28:47

Health: 0/124      AC: 23    Str: 25    XL:     13   Next: 63%
Magic:  12/12      EV: 10    Int:  5    God:    Makhleb [******]
Gold:   2105       SH:  6    Dex: 14    Spells: 12/12 levels left

rFire   . . .        n - +7 war axe "Net Vethriwen" {drain, Dex+3}
rCold   . . .        c - +0 buckler
rNeg    . . .        F - +0 plate armour
rPois   +            (helmet restricted)
rElec   .            i - +2 cloak
rCorr   .            (no gloves)
SInv    .            L - +2 pair of boots {Fly}
Will    .....        (no amulet) Stlth
                     p - ring of poison resistance
HPRegen 0.40/turn    a - +4 ring of slaying
MPRegen 0.13/turn

%: no passive effects
@: about to teleport, marked, flying, studying Dodging
A: horns 2, retaliatory headbutt
a: Renounce Religion, Minor Destruction, Lesser Servant of Makhleb, Major
Destruction, Greater Servant of Makhleb


You were on level 14 of the Dungeon.
You worshipped Makhleb.
Makhleb was exalted by your worship.
You visited 2 branches of the dungeon, and saw 15 of its levels.
You also visited: Bailey.

You collected 2105 gold pieces.

Inventory:

Hand Weapons
 n - the +7 war axe "Net Vethriwen" (weapon) {drain, Dex+3}
   (You found it on level 3 of the Dungeon)

   Dex:       It affects your dexterity (+3).
 s - a +1 hand axe of freezing
 J - a +2 war axe of freezing
 M - a +4 war axe
Missiles
 B - 5 throwing nets
 K - 20 boomerangs (quivered)
Armour
 c - a +0 buckler (worn)
 i - a +2 cloak (worn)
 F - a +0 plate armour (worn)
 H - a scarf of invisibility
 L - a +2 pair of boots of flying (worn)
Jewellery
 a - a +4 ring of slaying (right hand)
 k - a ring of wizardry
 p - a ring of poison resistance (left hand)
 I - a ring of wizardry
 P - a ring of positive energy
 X - a ring of resist corrosion
Wands
 u - a wand of flame (41)
 y - a wand of acid (6)
 D - a wand of roots (3)
 Q - a wand of paralysis (7)
Scrolls
 e - a scroll of blinking {unknown}
 f - 4 scrolls of teleportation
 j - 2 scrolls of amnesia {unknown}
 l - 20 scrolls of identify
 q - 3 scrolls of silence {unknown}
 t - 2 scrolls of enchant weapon {unknown}
 x - 3 scrolls of vulnerability {unknown}
 N - 2 scrolls of fog {unknown}
 R - a scroll of magic mapping {unknown}
 S - a scroll of brand weapon {unknown}
 T - a scroll of immolation {unknown}
 U - a scroll of fear {unknown}
 V - a scroll of acquirement {unknown}
 W - a scroll of enchant armour {unknown}
 Y - a scroll of noise {unknown}
Potions
 b - 2 potions of brilliance
 d - a potion of might
 g - 7 potions of mutation
 h - 5 potions of degeneration {unknown}
 m - 3 potions of ambrosia {unknown}
 o - 3 potions of cancellation {unknown}
 r - 3 potions of haste {unknown}
 v - a potion of heal wounds
 w - 4 potions of flight
 z - 4 potions of lignification {unknown}
 A - a potion of berserk rage {unknown}
 C - 6 potions of curing {unknown}
 E - 4 potions of attraction {unknown}
 G - a potion of invisibility
 O - a potion of magic {unknown}


   Skills:
 + Level 14.1 Fighting
 + Level 17.8 Axes
 + Level 13.7 Armour
 + Level 6.0 Dodging
 + Level 10.2 Shields


You had 12 spell levels left.
You didn't know any spells.
Your spell library contained the following spells:

 Spells                   Type           Power      Damage    Failure   Level
 Foxfire                  Conj/Fire      0%         2x1d4     99%         1
 Freeze                   Ice            0%         1d3       99%         1
 Magic Dart               Conj           0%         1d3       99%         1
 Necrotise                Necr           0%         1d4       99%         1
 Shock                    Conj/Air       0%         1d3       99%         1
 Slow                     Hex            0%         N/A       99%         1
 Call Imp                 Summ           0%         N/A       100%        2
 Cigotuvi's Dreadful Rot  Necr/Pois/Air  0%         N/A       100%        2
 Static Discharge         Conj/Air       0%         2-2/arc   100%        2
 Confusing Touch          Hex            0%         N/A       100%        3
 Frozen Ramparts          Ice            0%         1d1       100%        3
 Hailstorm                Conj/Ice       0%         3d3       100%        3
 Ignite Poison            Fire/Tmut/Pois 0%         N/A       100%        3
 Inner Flame              Hex/Fire       0%         N/A       100%        3
 Mephitic Cloud           Conj/Pois/Air  0%         N/A       100%        3
 Stone Arrow              Conj/Erth      0%         3d7       100%        3
 Swiftness                Air            0%         N/A       100%        3
 Tukima's Dance           Hex            0%         N/A       100%        3
 Vampiric Draining        Necr           0%         2d6       100%        3
 Vhi's Electric Charge    Tloc/Air       0%         N/A       100%        3
 Airstrike                Air            0%         2d(0-16)  100%        4
 Animate Armour           Summ/Erth      0%         N/A       100%        4
 Animate Dead             Necr           0%         N/A       100%        4
 Passage of Golubria      Tloc           0%         N/A       100%        4
 Summon Lightning Spire   Summ/Air       0%         N/A       100%        4
 Arcjolt                  Conj/Air       0%         1d10      100%        5
 Borgnjor's Vile Clutch   Necr/Erth      0%         N/A       100%        5
 Fireball                 Conj/Fire      0%         3d3       100%        5
 Freezing Cloud           Conj/Ice/Air   0%         6-21      100%        5
 Yara's Violent Unravell  Hex/Tmut       0%         3d3       100%        5
 Death Channel            Necr           0%         N/A       100%        6
 Plasma Beam              Fire/Air       0%         2x1d11    100%        6
 Starburst                Conj/Fire      0%         6d3       100%        6
 Enfeeble                 Hex            0%         N/A       100%        7
 Lehudib's Crystal Spear  Conj/Erth      0%         10d2      100%        8


Dungeon Overview and Level Annotations

Branches:
Dungeon (14/15)            Temple (1/1) D:5            Lair (0/5) D:8
    Orc (0/2) D:11         Vaults (0/5) D:13         Bailey (visited)

Altars:
Ashenzari
Dithmenos
Elyvilon
Fedhas
Gozag
Makhleb
Nemelex Xobeh
Okawaru
Ru
Sif Muna
Vehumet
Wu Jian
Xom

Shops:
D:6 *


Innate Abilities, Weirdness & Mutations

You have a pair of horns on your head.
You reflexively headbutt those who attack you in melee.


Message History

Something smites you!
You closely miss the meliai. The meliai hits you but does no damage.
You block the meliai's attack.
You closely miss the meliai. Your headbutt misses the meliai.
You slash the titanic slime creature! The meliai hits you but does no damage.
The meliai closely misses you. The meliai hits you but does no damage.
The meliai stings you but does no damage.
A titanic slime creature splits.
You slice the meliai!!
The meliai is severely wounded.
You slash the very large slime creature!
You hit the large slime creature but do no damage.
You block the meliai's attack. The meliai stings you.
The meliai calls upon its god to heal the meliai.
The meliai is healed somewhat.
You hit the meliai but do no damage. You drain the meliai.
Your headbutt misses the meliai.
The meliai is severely wounded.
You hit the very large slime creature.
You drain the very large slime creature.
You slash the large slime creature!
The meliai invokes the aid of its god against you.
Something smites you!
The meliai calls down the wrath of its god upon you.
Something smites you!
* * * LOW HITPOINT WARNING * * *
A centaur warrior comes into view.
The very large slime creature hits you.
* * * LOW HITPOINT WARNING * * *
The large slime creature hits you!
* * * LOW HITPOINT WARNING * * *
You block the meliai's attack. x2
Okay, then.
As you read the scroll labelled SIHIAQ CIEVASOES, it crumbles to dust.
You feel strangely unstable.
It was a scroll of teleportation.
The meliai barely misses you.
The meliai stings you but does no damage.
Two slime creatures merge to form an enormous slime creature.
The large slime creature hits you!!
You die...

.. #$.##.## #..#
##.##...#####..#.#.##
#..#
........y.......###)#
#..# ..J....
#####....#.## #..#
.#.###..........c...#
#..# .#
######.##.##........#
.# #. #y# ######...
.# #( #y# ##.# ?# #.
#@# .# #. ......JJ# #
....(#### .... ###


You could see an enormous slime creature (drained), a large slime creature, a
centaur warrior and 2 meliai.

Vanquished Creatures
  An ironbound preserver (D:13)
  Josephine (D:12)
  Erolcha (D:9)
  A hydra (D:13)
  3 two-headed ogres
  3 centaur warriors
  3 boulder beetles
  The ghost of NimIero the Unseen, a journeyman KoBe of Trog (D:11)
  A shock serpent (shapeshifter) (D:13)
  A skyshark (shapeshifter) (D:14)
  4 skeletal warriors (D:10)
  A harpy (shapeshifter) (D:13)
  14 ugly things (D:14)
  2 manticores (D:13)
  3 cyclopes
  Joseph (D:7)
  2 gargoyles
  An unseen horror (D:13)
  Psyche (D:10)
  2 efreet (D:13)
  2 kobold demonologists
  2 tengu conjurers (D:12)
  6 trolls
  Grinder (D:5)
  A meliai (D:13)
  A hornet (D:9)
  A jumping spider (shapeshifter) (D:13)
  7 slime creatures
  6 shadows
  A vampire (D:10)
  3 wyverns (D:10)
  9 yaks
  11 wraiths
  A basilisk (D:13)
  A vampire mosquito (D:13)
  Menkaure (D:7)
  7 water moccasins
  An acid dragon (D:10)
  13 orc warriors
  3 sky beasts
  3 ice beasts
  4 black bears
  An ogre (D:5)
  16 centaurs
  2 phantoms
  2 kobold brigands
  4 bullfrogs
  2 gnoll sergeants
  Blork the orc (D:5)
  6 scorpions
  13 wights
  2 troll zombies (D:11)
  13 killer bees
  A howler monkey (D:9)
  A jelly (D:7)
  3 hounds
  3 orc priests
  7 gnoll boudas
  Crazy Yiuf (D:5)
  Ijyb (D:4)
  10 orc wizards
  4 ogre zombies (D:11)
  31 gnolls
  7 adders
  2 white imps
  5 worms
  A dart slug (D:3)
  42 orcs
  3 ball pythons
  6 endoplasms
  A giant cockroach (D:4)
  7 goblins
  7 hobgoblins
  7 jackals
  23 kobolds
  3 quokkas
  5 bats
  2 frilled lizards
  A goblin skeleton (D:11)
  A goblin zombie (D:11)
  A hobgoblin skeleton (D:11)
  4 hobgoblin zombies (D:11)
  11 orc zombies (D:11)
  A rat (D:2)
396 creatures vanquished.

Vanquished Creatures (others)
  18 fungi (D:8)
  16 plants (D:8)
34 creatures vanquished.

Grand Total: 430 creatures vanquished

Notes
Turn   | Place    | Note
-------+----------+-------------------------------------------
     0 | D:1      | Clive the Minotaur Fighter began the quest for the Orb.
     0 | D:1      | Reached XP level 1. HP: 19/19 MP: 0/0
   789 | D:2      | Reached XP level 2. HP: 27/27 MP: 1/1
  1041 | D:2      | Noticed a scorpion
  1052 | D:2      | Killed a scorpion
  1053 | D:2      | Reached skill level 3 in Axes
  1053 | D:2      | Reached XP level 3. HP: 22/33 MP: 2/2
  1053 | D:2      | Reached XP level 4. HP: 27/40 MP: 3/3
  1132 | D:2      | Reached skill level 1 in Dodging
  1502 | D:3      | Identified the +7 war axe "Net Vethriwen" {drain, Dex+3}
  1530 | D:3      | Found a white marble altar of Elyvilon.
  2244 | D:3      | Found a shimmering blue altar of Sif Muna.
  2459 | D:4      | Found a shadowy altar of Dithmenos.
  2486 | D:4      | Reached skill level 4 in Axes
  2491 | D:4      | Reached XP level 5. HP: 47/47 MP: 4/4
  2553 | D:4      | Noticed Ijyb
  2559 | D:4      | Killed Ijyb
  2715 | D:4      | Reached skill level 5 in Axes
  2728 | D:4      | Reached XP level 6. HP: 52/53 MP: 5/5
  2756 | D:4      | Found a sparkling altar of Nemelex Xobeh.
  2757 | D:4      | Found a blossoming altar of Fedhas.
  2760 | D:4      | Found an ornate altar of the Wu Jian Council.
  2760 | D:4      | Found a burning altar of Makhleb.
  2794 | D:4      | Became a worshipper of Makhleb the Destroyer
  2809 | D:4      | Reached skill level 5 in Armour
  3039 | D:4      | Found a radiant altar of Vehumet.
  3161 | D:5      | Entered Level 5 of the Dungeon
  3191 | D:4      | Reached skill level 6 in Axes
  3243 | D:5      | Reached skill level 5 in Fighting
  3243 | D:5      | Reached XP level 7. HP: 61/61 MP: 6/6
  3294 | D:5      | Noticed Blork the orc
  3301 | D:5      | Killed Blork the orc
  3302 | D:5      | Reached skill level 7 in Axes
  3311 | D:5      | Reached * piety under Makhleb
  3657 | D:5      | Reached skill level 5 in Shields
  3762 | D:5      | Found a staircase to the Ecumenical Temple.
  3775 | Temple   | Entered the Ecumenical Temple
  3901 | D:5      | Reached skill level 8 in Axes
  3901 | D:5      | Reached XP level 8. HP: 70/70 MP: 7/7
  4056 | D:5      | Noticed Grinder
  4056 | D:5      | Paralysed by Grinder for 3 turns
  4065 | D:5      | Killed Grinder
  4066 | D:5      | Reached skill level 9 in Axes
  4147 | D:5      | Found a runed translucent door.
  4148 | D:5      | Noticed Crazy Yiuf
  4343 | D:5      | Killed Crazy Yiuf
  4468 | D:6      | Reached ** piety under Makhleb
  4505 | D:6      | Reached XP level 9. HP: 77/78 MP: 8/8
  4510 | D:6      | Reached skill level 10 in Axes
  4621 | D:6      | Found Titef's CLEARANCE SALE!.
  4858 | D:6      | Got Magical Knowledge, Part One
  5218 | D:7      | Noticed Joseph
  5225 | D:7      | Killed Joseph
  5226 | D:7      | Reached skill level 11 in Axes
  5389 | D:7      | Noticed Menkaure
  5402 | D:7      | Killed Menkaure
  5945 | D:7      | Reached skill level 12 in Axes
  5996 | D:7      | Reached XP level 10. HP: 86/86 MP: 9/9
  6018 | D:7      | Found a sacrificial altar of Ru.
  6057 | D:7      | Reached *** piety under Makhleb
  6210 | D:8      | Found an opulent altar of Gozag.
  6215 | D:8      | Reached skill level 13 in Axes
  6329 | D:8      | Found a staircase to the Lair.
  6505 | D:8      | Found a flagged portal.
  6518 | Bailey   | Entered a bailey
  6560 | Bailey   | Reached **** piety under Makhleb
  6626 | Bailey   | Reached skill level 14 in Axes
  7448 | D:9      | Reached XP level 11. HP: 97/97 MP: 10/10
  7585 | D:9      | Noticed Erolcha
  7588 | D:10     | Entered Level 10 of the Dungeon
  7811 | D:10     | Noticed Psyche
  7816 | D:10     | Killed Psyche
  7912 | D:10     | Noticed a skeletal warrior
  7941 | D:10     | Killed a skeletal warrior
  8071 | D:10     | Noticed a skeletal warrior
  8071 | D:10     | Noticed a skeletal warrior
  8096 | D:10     | Killed a skeletal warrior
  8097 | D:10     | Reached skill level 15 in Axes
  8102 | D:10     | Killed a skeletal warrior
  8280 | D:10     | Reached skill level 10 in Armour
  8295 | D:10     | Noticed a two-headed ogre
  8300 | D:10     | Killed a two-headed ogre
  8300 | D:10     | Reached ***** piety under Makhleb
  8316 | D:10     | Noticed a skeletal warrior
  8324 | D:10     | Killed a skeletal warrior
  8713 | D:10     | Reached skill level 10 in Fighting
  9008 | D:10     | Reached skill level 16 in Axes
  9247 | D:9      | Killed Erolcha
  9478 | D:9      | Found an iron altar of Okawaru.
  9719 | D:11     | Identified the +7 long sword of the Spinneret {heavy, rElec
                  | MP+9 Dex-3}
  9900 | D:11     | Noticed a two-headed ogre
  9904 | D:11     | Killed a two-headed ogre
  9905 | D:11     | Reached XP level 12. HP: 108/108 MP: 11/11
  9934 | D:11     | Found a staircase to the Orcish Mines.
 10034 | D:11     | Found a runed translucent gate.
 10036 | D:11     | Found a runed translucent gate.
 10039 | D:11     | Found a runed translucent gate.
 10041 | D:11     | Noticed NimIero's ghost (journeyman KoBe)
 10307 | D:11     | Identified the staff of fire "Ita Odoy" {rF+ rN+}
 10537 | D:11     | Found a shadowy altar of Dithmenos.
 10625 | D:11     | Killed NimIero's ghost
 10815 | D:12     | Noticed a two-headed ogre
 10822 | D:12     | Killed a two-headed ogre
 11060 | D:12     | Noticed Josephine
 11076 | D:12     | Killed Josephine
 11104 | D:12     | Noticed a centaur warrior
 11114 | D:12     | Killed a centaur warrior
 11189 | D:12     | You are sucked into a shaft and drop 1 floor!
 11229 | D:13     | Noticed a centaur warrior
 11238 | D:13     | Killed a centaur warrior
 11243 | D:13     | Reached skill level 5 in Dodging
 11659 | D:12     | Noticed a boulder beetle
 11676 | D:12     | Killed a boulder beetle
 11804 | D:13     | Noticed an entropy weaver
 11820 | D:13     | Reached skill level 17 in Axes
 11823 | D:13     | an entropy weaver changed into a jumping spider
 11968 | D:13     | Noticed a six-headed hydra
 11989 | D:13     | Killed a ten-headed hydra
 12203 | D:13     | Reached XP level 13. HP: 80/119 MP: 12/12
 12654 | D:13     | Found a gate to the Vaults.
 12654 | D:13     | Noticed an ironbound preserver
 12665 | D:13     | Killed an ironbound preserver
 12888 | D:14     | Reached ****** piety under Makhleb
 12895 | D:14     | Reached skill level 10 in Shields
 13053 | D:14     | Slain by a large slime creature

Illustrated notes

Levels and vault maps discovered:
D:1:      eino_arrival_tree_alley, layout_rooms
D:2:      layout_loops_ring, kennysheep_generic_room_4
D:3:      minmay_general_purpose_star, layout_loops_cross,
          nicolae_sif_muna_little_library, lemuel_coloured_pillars_altar,
          grunt_decor_mini_mirrors, chequers_serial_rivers_micro_d
D:4:      layout_loops_cross, kennysheep_little_box,
          mainiacjoe_overflow_concentric_impassable,
          chequers_temple_overflow_statue_of_worship, minmay_mini_jars,
          uniq_ijyb
D:5:      layout_cave_pools, minmay_temple_entry_overgrown,
          uniq_crazy_yiuf_cottage, uniq_grinder, uniq_blork_the_orc
D:6:      layout_loops_cross, grunt_decor_arrowhead, nicolae_shop_clearance
D:7:      layout_basic, nicolae_ru_the_path_less_chosen, nicolae_eternal_life,
          minmay_manual_mullet, uniq_joseph, uniq_menkaure
D:8:      layout_gridville, grunt_gozag_breadcrumbs,
          due_lair_maze_entry_diamond, enter_bailey_2
D:9:      layout_roguey, mainiacjoe_overflow_alcove_2, uniq_erolcha
D:10:     minmay_razor_zed, layout_gridville, minmay_holes, uniq_psyche
D:11:     layout_irregular_city, zombieorc1_lemuel, gammafunk_ghost_spectres,
          grunt_dithmenos_shadows
D:12:     layout_long_grid, kennysheep_another_room, uniq_josephine
D:13:     layout_loops_ring, skrybe_vaults_entry_preservation
D:14:     layout_loops_ring, nicolae_trove_entry_crystal
Temple:   hellmonk_temple_of_storms

Skill      XL: |  1  2  3  4  5  6  7  8  9 10 11 12 13 |
---------------+----------------------------------------+-----
Shields        | 4 5 6 7 9 10 | 10.2
Fighting       | 4 5 6 7 9 10 12 14 | 14.1
Axes           | 3 4 5 6 8 9 12 14 16 17 | 17.8
Armour         | 4 5 7 8 9 11 12 13 | 13.7
Dodging        | 1 2 3 4 5 6 |  6.0

Action                     |  1- 3 |  4- 6 |  7- 9 | 10-12 | 13-15 || total
---------------------------+-------+-------+-------+-------+-------++-------
  Melee: War axe           |    56 |    74 |   173 |   442 |   120 ||   865
         Headbutt          |     5 |    14 |    28 |    80 |    41 ||   168
  Throw: Boomerang         |       |       |       |     9 |       ||     9
    Use: Scroll            |       |       |       |     1 |     1 ||     2
         Potion            |       |       |       |     1 |       ||     1
 Armour: Scale mail        |    43 |    40 |    18 |       |       ||   101
         Chain mail        |       |       |    33 |       |       ||    33
         Plate armour      |       |       |    16 |   265 |    49 ||   330
         Skin              |       |       |       |     1 |       ||     1
  Dodge: Dodged            |    35 |    33 |    74 |   125 |    30 ||   297
  Block: Buckler           |    17 |    15 |    45 |   100 |    30 ||   207
